 Dungeon Crawl Stone Soup version 0.23-a0-183-gf37f6fb (webtiles) character file.

561 JeffiDaFish the Skirmisher (level 7, -5/45 HPs)
             Began as a Gargoyle Fighter on Sept 23, 2018.
             Slain by a two-headed ogre
             ... wielding a +0 giant spiked club
              (28 damage)
             ... on level 5 of the Dungeon.
             The game lasted 00:12:13 (4011 turns).

JeffiDaFish the Skirmisher (Gargoyle Fighter)       Turns: 4011, Time: 00:12:14

Health: -5/45      AC: 16    Str: 21    XL:     7   Next: 31%
Magic:  16/16      EV:  5    Int:  9    God:
Gold:   208        SH: 10    Dex:  9    Spells: 6/6 levels left

rFire    . . .     SeeInvis .   a - +1 flail
rCold    . . .     Gourm    .   c - +1 shield
rNeg     + . .     Faith    .   e - +0 chain mail
rPois    ∞         Spirit   .   h - +1 helmet
rElec    +         Reflect  .   (no cloak)
rCorr    .         Harm     .   (no gloves)
MR       .....                  (no boots)
Stlth    ..........             (no amulet)
HPRegen  0.15/turn              g - ring of magical power
MPRegen  0.15/turn              (no ring)

@: no status effects
A: negative energy resistance 1, electricity resistance, unbreathing,
petrification resistance, rot immunity, AC +4
a: no special abilities


You were on level 5 of the Dungeon.
You were not hungry.

You visited 1 branch of the dungeon, and saw 5 of its levels.

You collected 208 gold pieces.

Inventory:

Hand Weapons
 a - a +1 flail (weapon)
Armour
 c - a +1 shield (worn)
 e - a +0 chain mail (worn)
 h - a +1 helmet (worn)
Jewellery
 g - a ring of magical power (left hand)
Scrolls
 b - 3 scrolls of identify
 k - a scroll of fog
Potions
 d - 2 potions of might
 i - a potion of curing
 l - a potion of brilliance
Comestibles
 f - 9 rations
 j - a chunk of flesh


   Skills:
 * Level 5.9 Fighting
 * Level 4.6 Maces & Flails
 + Level 4.7 Armour
 + Level 4.6 Shields


You had 6 spell levels left.
You didn't know any spells.
Your spell library was empty.

Dungeon Overview and Level Annotations

Branches:
Dungeon (5/15)             Temple (0/1) D:5

Altars:
Ashenzari

Annotations:
D:5 Menkaure


Innate Abilities, Weirdness & Mutations

You are resistant to torment.
Your stone body is resilient. (AC +4)
You are immune to poison.
You resist negative energy. (rN+)
You are resistant to electric shocks. (rElec)
You can survive without breathing.
You are immune to petrification.
You are immune to rotting.


Message History

The worker ant bites you but does no damage.
You barely miss the worker ant.
The worker ant is severely wounded.
You sock the two-headed ogre!
The two-headed ogre is lightly wounded.
The two-headed ogre hits you with a giant spiked club!!
You block the two-headed ogre's attack.
You are too injured to fight recklessly!
You are too injured to fight recklessly!
You are too injured to fight recklessly!
You are too injured to fight recklessly!
You hit the two-headed ogre but do no damage.
The two-headed ogre is lightly wounded.
You block the two-headed ogre's attack.
The two-headed ogre hits you but does no damage.
You sock the two-headed ogre!
The two-headed ogre is moderately wounded.
The two-headed ogre hits you with a giant spiked club!!
Ouch! That really hurt!
You die...

.......<..# ..........#
..........# ..........#
#..>.....## ..........#
..........###
..........Oa########### ..
.........@#.....M.....##..
>.........#..O..........⌠.
#........##...............
#.......####..........⌠.>.
###### ###........)...
#####......⌠. #.........
#........$ #....#....


You could see a two-headed ogre and a worker ant.

Vanquished Creatures
  2 hounds (D:4)
  A bullfrog skeleton (D:4)
  An orc wizard (D:3)
  6 worker ants
  Natasha (thrice) (D:3)
  Robin (D:3)
  3 gnolls (D:3)
  5 adders (D:2)
  3 oozes
  An adder zombie (D:5)
  4 worms
  3 dart slugs
  5 leopard geckos
  7 orcs (D:3)
  A ball python (D:2)
  4 giant cockroaches
  8 hobgoblins (D:3)
  13 jackals
  3 quokkas
  10 bats
  5 frilled lizards
  14 goblins
  7 kobolds
  7 rats
117 creatures vanquished.

Notes
Turn   | Place    | Note
-------+----------+-------------------------------------------
     0 | D:1      | JeffiDaFish the Gargoyle Fighter began the quest for the
                  | Orb.
     0 | D:1      | Reached XP level 1. HP: 14/14 MP: 1/1
   420 | D:1      | Reached XP level 2. HP: 19/19 MP: 2/2
   871 | D:2      | Reached XP level 3. HP: 24/24 MP: 3/3
   933 | D:2      | Reached skill level 4 in Fighting
  1007 | D:2      | Reached XP level 4. HP: 25/29 MP: 4/4
  1760 | D:3      | Reached XP level 5. HP: 34/34 MP: 5/5
  2055 | D:3      | Noticed Robin
  2118 | D:3      | Killed Robin
  2229 | D:3      | Noticed Natasha
  2250 | D:3      | Reached skill level 5 in Fighting
  2250 | D:3      | Reached XP level 6. HP: 25/40 MP: 6/6
  2262 | D:3      | Killed Natasha
  2663 | D:3      | Found a shattered altar of Ashenzari.
  2686 | D:3      | Noticed Natasha
  2694 | D:3      | Killed Natasha
  2867 | D:3      | Noticed Natasha
  2872 | D:3      | Killed Natasha
  3628 | D:4      | Reached XP level 7. HP: 41/44 MP: 7/7
  3972 | D:5      | Entered Level 5 of the Dungeon
  3993 | D:5      | Found a staircase to the Ecumenical Temple.
  3994 | D:5      | Noticed a two-headed ogre
  3995 | D:5      | Noticed Menkaure
  4011 | D:5      | Slain by a two-headed ogre

Vault maps used:
D:1:      tarquinn_simple_flora_water_e
D:2:      kennysheep_big_flooded_room
D:3:      nicolae_ashenzari_panopticon, guppyfry_early_orc_mine, uniq_natasha,
          uniq_robin
D:4:      first_ration, kennysheep_small_spiral
D:5:      temple_fountains, uniq_menkaure

Skill      XL: |  1  2  3  4  5  6 |
---------------+-------------------+-----
Fighting       | 4 5 |  5.9
Maces & Flails | 3 4 |  4.6
Armour         | 4 |  4.7
Shields        | 4 |  4.6

Action                   |  1- 3 |  4- 6 |  7- 9 || total
-------------------------+-------+-------+-------++-------
Melee: Flail             |   109 |   308 |    61 ||   478
  Use: Scroll            |     4 |     4 |     1 ||     9
       Potion            |     2 |     4 |       ||     6
 Stab: Invisible         |       |     3 |       ||     3
  Eat: Chunk             |       |    10 |     1 ||    11
Armor: Chain mail        |    67 |   199 |    33 ||   299
       Scale mail        |     3 |       |       ||     3
Dodge: Dodged            |    19 |    78 |    14 ||   111
Block: Shield            |    60 |   214 |    36 ||   310

Table legend:
 A = Non-vault XP
 B = Vault XP
 C = Vault XP percentage of total XP
 D = Non-vault monster count
 E = Vault monster count
 F = Vault count percentage of total count
                 A         B        C        D         E       F
            +---------+---------+-------+---------+---------+-------
      Total |     717 |      85 |  10.6 |      97 |      20 |  17.1
            +---------+---------+-------+---------+---------+-------
        D:1 |      24 |       0 |   0.0 |      10 |       0 |   0.0
        D:2 |     124 |       2 |   1.6 |      32 |       1 |   3.0
        D:3 |     273 |      83 |  23.3 |      34 |      19 |  35.8
        D:4 |     288 |       0 |   0.0 |      19 |       0 |   0.0
        D:5 |       8 |       0 |   0.0 |       2 |       0 |   0.0
            +---------+---------+-------+---------+---------+-------
